 Dungeon Crawl Stone Soup version 0.28.0-47-ge53b351184 (webtiles) character file.

Game seed: 15549871600134983554

11 Kenran the Sneak (level 2, -1/25 HPs)
             Began as a Minotaur Brigand on May 1, 2022.
             Slain by a goblin
             ... wielding a +0 dagger
              (3 damage)
             ... on level 1 of the Dungeon.
             The game lasted 00:02:04 (325 turns).

Kenran the Sneak (Minotaur Brigand)                  Turns: 325, Time: 00:02:05

Health: -1/25      AC:  3    Str: 15    XL:     2   Next: 13%
Magic:  1/1        EV: 11    Int:  8    God:
Gold:   19         SH:  0    Dex: 11    Spells: 1/1 levels left

rFire   . . .      SeeInvis .   a - +2 dagger
rCold   . . .      Faith    .   (no shield)
rNeg    . . .      Spirit   .   b - +0 robe
rPois   .          Reflect  .   (helmet restricted)
rElec   .          Harm     .   c - +0 cloak
rCorr   .          Rampage  .   (no gloves)
Will    .....                   (no boots)
Stlth   ++........              (no amulet)
HPRegen 0.08/turn               (no ring)
MPRegen 0.07/turn               (no ring)

@: attractive
A: horns 2, retaliatory headbutt
a: no special abilities


You were on level 1 of the Dungeon.
You visited 1 branch of the dungeon, and saw 2 of its levels.

You collected 19 gold pieces.

Inventory:

Hand Weapons
 a - a +2 dagger (weapon)
Missiles
 d - 8 poisoned darts (quivered)
 e - 2 curare-tipped darts
Armour
 b - a +0 robe (worn)
 c - a +0 cloak (worn)


   Skills:
 + Level 2.8 Fighting
 - Level 2.1 Short Blades
 - Level 2.0 Throwing
 - Level 1.1 Dodging
 - Level 3.2 Stealth
 * Level 1.6 Unarmed Combat


You had one spell level left.
You didn't know any spells.
Your spell library was empty.

Dungeon Overview and Level Annotations

Branches:
Dungeon (2/15)

Altars:


Innate Abilities, Weirdness & Mutations

You have a pair of horns on your head.
You reflexively headbutt those who attack you in melee.


Message History

You escape the ball python's grasp.
A bat comes into view.
You hit the ball python.
You kill the ball python!
The bat hits you.
* * * LOW HITPOINT WARNING * * *
You have reached level 2!
Found a glowing brown potion.
Found a faded altar of an unknown god.
Found a scroll labelled GAUNKOSUTH.
You hit the ball python.
The ball python is heavily wounded.
The ball python bites you.
* * * LOW HITPOINT WARNING * * *
The ball python closely misses you.
You hit the ball python.
You kill the ball python!
The bat barely misses you.
You closely miss the bat. You headbutt the bat, but do no damage.
The bat misses you.
You hit the bat.
You kill the bat!
Unknown command.
You see here a glowing brown potion.
f - a glowing brown potion
There is a faded altar of an unknown god here.
The endoplasm quivers.
You hit the ball python.
You kill the ball python!
You completely miss the goblin. Your punch misses the goblin.
The goblin hits you with a +0 dagger.
* * * LOW HITPOINT WARNING * * *
You closely miss the goblin. Your headbutt misses the goblin.
The goblin barely misses you.
You hit the goblin.
The goblin is heavily wounded.
The goblin misses you.
It was a potion of attraction.
You feel attractive to monsters. The goblin hits you with a +0 dagger.
You die...

#...# #....## #######.#...##
........##...######
.................# #.......#
.#.....#.........# #^_.....#
.................###.g.....#
.............J...##.?.####†#
.....?.....### #@#...## #..#
.............# #.gg.## ##.##
......S†..# #...## #.b#
.#...gS#.# #..## #.##
)........# #. #########.#
...#.##.####.######....g.##
.........!...............>#
."........###.#####g#.#.#.#
..........# #.. #.#.#.#.#


You could see an endoplasm, a hobgoblin and a goblin.

Vanquished Creatures
  3 ball pythons (D:1)
  An endoplasm (D:2)
  A giant cockroach (D:2)
  3 bats (D:1)
  A frilled lizard (D:2)
  3 rats
12 creatures vanquished.

Notes
Turn   | Place    | Note
-------+----------+-------------------------------------------
     0 | D:1      | Kenran the Minotaur Brigand began the quest for the Orb.
     0 | D:1      | Reached XP level 1. HP: 18/18 MP: 0/0
    25 | D:1      | You fall into a shaft and drop 1 floor!
   256 | D:1      | Reached skill level 1 in Unarmed Combat
   302 | D:1      | Reached XP level 2. HP: 2/25 MP: 1/1
   305 | D:1      | Found a faded altar of an unknown god.
   325 | D:1      | Slain by a goblin

Illustrated notes

Levels and vault maps discovered:
D:1:      eino_arrival_cavern_a, layout_basic,
          hellmonk_ecumenical_altar_crossroads, st_stairs_2,
          kennysheep_nondescript
D:2:      layout_loops_cross, patterned_corridor

Skill      XL: |  1 |
---------------+----+-----
Unarmed Combat | 1 |  1.6
Fighting       | |  2.8
Short Blades   | |  2.1
Throwing       | |  2.0
Dodging        | |  1.1
Stealth        | |  3.2

Action                   || total
-------------------------++-------
Melee: Dagger            ||    24
       Headbutt          ||     4
  Use: Potion            ||     1
Armor: Robe              ||    25
Dodge: Dodged            ||    38
